 Dungeon Sprint DCSS version 0.22.0-16-gc6d26f6 (webtiles) character file.

3699 doot the Unseen (level 9, 0/62 HPs)
             Began as a Vampire Enchanter on Aug 17, 2018.
             Was a High Priest of Lugonu.
             Slain by a spriggan berserker
             ... wielding a +0 war axe
              (7 damage)
             ... in the Dungeon (Sprint IV: "Fedhas' Mad Dash").
             The game lasted 00:11:09 (1300 turns).

doot the Unseen (Vampire Enchanter)                 Turns: 1300, Time: 00:11:10

Health: 0/62       AC: 10    Str:  7    XL:     9   Next: 91%
Magic:  0/20       EV:  3    Int: 18    God:    Lugonu [*****.]
Gold:   187        SH:  0    Dex: 17    Spells: 17/23 levels left

rFire    . . .     SeeInvis +   l - +0 rapier
rCold    + + .     Gourm    .   (no shield)
rNeg     + + .     Faith    .   m - +2 chain mail {rC+}
rPois    +         Spirit   .   (no helmet)
rElec    .         Reflect  .   (no cloak)
rCorr    .         Harm     .   (no gloves)
MR       .....     NoTele   +   (no boots)
Stlth    +++++.....             c - amulet of invisibility {+Inv}
HPRegen  0.10/turn              (no ring)
MPRegen  0.17/turn              (no ring)

@: very slightly contaminated, regenerating slowly
A: fangs 3, see invisible, unbreathing
a: Bat Form, Bend Space, Banish, Corrupt, Renounce Religion, Evoke Invisibility


You were in the Dungeon.
You worshipped Lugonu.
Lugonu was extremely pleased with you.
You were near bloodless.

You visited 1 branch You collected 187 gold pieces.

Inventory:

Hand Weapons
 a - a +1 dagger
 d - a +0 dagger of venom
 l - a +0 rapier (weapon)
Armour
 b - a +0 robe
 m - a +2 chain mail of cold resistance (worn)
Magical Staves
 k - an uncursed staff of summoning {unknown}
 n - an uncursed staff of conjuration {unknown}
Jewellery
 c - the amulet of invisibility (around neck) {+Inv}
   (You found it in the Dungeon)

   [amulet of nothing]

   It lets you turn invisible.
Scrolls
 j - a scroll of blinking
Potions
 e - a potion of curing
 f - a potion of heal wounds
 g - a potion of haste
 h - 2 potions of magic
 i - a potion of berserk rage


   Skills:
 + Level 2.6 Fighting
 + Level 6.9 Short Blades
 + Level 1.2 Armour
 + Level 5.9 Dodging
 + Level 18.9 Stealth
 + Level 7.8 Spellcasting
 + Level 15.1 Hexes
 + Level 2.9 Ice Magic
 + Level 7.5 Invocations
 + Level 4.8 Evocations


You had 17 spell levels left.
You knew the following spells:

 Your Spells              Type           Power        Failure   Level  Hunger
a - Corona                Hex            ######.      6%          1    None
b - Ensorcelled Hibernat  Hex/Ice        #####.       73%         2    None
c - Confuse               Hex            ######..     19%         3    #......

Your spell library contained the following spells:

 Spells                   Type           Power        Failure   Level  Hunger
 Tukima's Dance           Hex            ######..     19%         3    #......
 Confusing Touch          Hex            ######       6%          1    None
 Metabolic Englaciation   Hex/Ice        #####.....   100%        5    #####..
 Petrify                  Tmut/Erth      #.......     100%        4    ###....
 Dazzling Spray           Conj/Hex       ####..       98%         3    #......
 Gell's Gravitas          Tloc           #.........   100%        3    #......
 Yara's Violent Unravell  Hex/Tmut       ####......   100%        5    #####..


Dungeon Overview and Level Annotations

Branches:
Dungeon (1/1)

Altars:
Cheibriados
Dithmenos
Elyvilon
Gozag
Hepliaklqana
Kikubaaqudgha
Makhleb
Nemelex Xobeh
Okawaru
Qazlal
Ru
Sif Muna
Trog
Uskayaw
Vehumet
Wu Jian
Xom
Yredelemnul
Zin
The Shining One
Beogh
Jiyva
Lugonu

Shops:
D (([*


Innate Abilities, Weirdness & Mutations

You heal slowly.
You have razor-sharp teeth.
You have supernaturally acute eyesight. (SInv)
You can survive without breathing.


Message History

Unknown command.
Okay, then.
Unknown command.
Unknown command.
Press: ? - help, Shift-Dir - straight line, f - spriggan berserker
Aim: a spriggan berserker, wielding a war axe and wearing an animal skin (chance to defeat MR: 11%)
The spriggan berserker resists with almost no effort.
You feel somewhat more thirsty.
Press: ? - help, Shift-Dir - straight line, f/p - spriggan berserker
Aim: a spriggan berserker, wielding a war axe and wearing an animal skin (chance to defeat MR: 11%)
The spriggan berserker resists with almost no effort.
You feel almost devoid of blood!
The spriggan berserker barely misses you.
Press: ? - help, Shift-Dir - straight line, f/p - spriggan berserker
Aim: a spriggan berserker, wielding a war axe and wearing an animal skin (chance to defeat MR: 11%)
The spriggan berserker resists with almost no effort.
You feel somewhat more thirsty.
You flicker back into view.
The spriggan berserker hits you with a war axe!
You die...

...##################
####♣♣♣♣♣..♣.###.'.(+
..'......♣..♣##..#..#
..#♣..♣♣♣.♣).###.##'#
..#.♣♣.(♣...♣'...#♣.♣###
#### #############.....#
###..♣..♣....#
#####.i.♣..§...♣...
.......@.♣§§...∩.∩.
..#################


You could see a spriggan berserker.

Vanquished Creatures
  A spriggan druid (D)
  3 oklob plants (D)
  A wandering mushroom (D)
  2 burning bushes (D)
  A queen bee (D)
  2 scorpions (D)
  4 killer bees (D)
  5 oklob saplings (D)
  A worker ant (D)
  A spriggan (D)
  A river rat (D)
  A rat (D)
  A ballistomycete spore (D)
24 creatures vanquished.

Vanquished Creatures (collateral kills)
  A spriggan (D)
1 creature vanquished.

Grand Total: 25 creatures vanquished

Notes
Turn   | Place    | Note
-------+----------+-------------------------------------------
     0 | D        | doot the Vampire Enchanter began the quest for the Orb.
     0 | D        | Reached XP level 1. HP: 13/13 MP: 3/3
     8 | D        | Reached skill level 5 in Stealth
     8 | D        | Reached skill level 5 in Hexes
     8 | D        | Reached XP level 2. HP: 19/19 MP: 5/5
    17 | D        | Noticed an oklob sapling
    18 | D        | Killed an oklob sapling
    18 | D        | Reached skill level 7 in Stealth
    18 | D        | Reached XP level 3. HP: 24/24 MP: 7/7
    21 | D        | Found the amulet of invisibility {+Inv}
    22 | D        | Reached skill level 8 in Stealth
    45 | D        | Found an opulent altar of Gozag.
    45 | D        | Found a hazy altar of Hepliaklqana.
    45 | D        | Found a roughly hewn altar of Beogh.
    45 | D        | Found a snail-covered altar of Cheibriados.
    46 | D        | Found a viscous altar of Jiyva.
    46 | D        | Found a burning altar of Makhleb.
    46 | D        | Found a sparkling altar of Nemelex Xobeh.
    46 | D        | Found a sacrificial altar of Ru.
    46 | D        | Found a deep blue altar of Sif Muna.
    46 | D        | Found a bloodstained altar of Trog.
    46 | D        | Found an ornate altar of the Wu Jian Council.
    46 | D        | Found a shimmering altar of Xom.
    46 | D        | Found a basalt altar of Yredelemnul.
    46 | D        | Noticed an oklob sapling priest
    47 | D        | Found an iron altar of Okawaru.
    47 | D        | Found a shadowy altar of Dithmenos.
    47 | D        | Found a glowing silver altar of Zin.
    48 | D        | Found an ancient bone altar of Kikubaaqudgha.
    48 | D        | Found a hide-covered altar of Uskayaw.
    49 | D        | Found a stormy altar of Qazlal.
    49 | D        | Found a white marble altar of Elyvilon.
    49 | D        | Found a glowing golden altar of the Shining One.
    50 | D        | Found a corrupted altar of Lugonu.
    50 | D        | Found a radiant altar of Vehumet.
    53 | D        | Killed an oklob sapling priest
    53 | D        | Reached skill level 9 in Stealth
    53 | D        | Reached XP level 4. HP: 30/30 MP: 5/9
    60 | D        | Became a worshipper of Lugonu the Unformed
    60 | D        | Reached * piety under Lugonu
   141 | D        | Reached skill level 10 in Stealth
   141 | D        | Reached skill level 1 in Invocations
   141 | D        | Reached XP level 5. HP: 35/35 MP: 10/10
   150 | D        | Learned a level 2 spell: Ensorcelled Hibernation
   154 | D        | Learned a level 3 spell: Confuse
   164 | D        | Noticed a queen bee
   171 | D        | Killed a queen bee
   171 | D        | Reached skill level 12 in Stealth
   171 | D        | Reached XP level 6. HP: 41/41 MP: 9/12
   172 | D        | Reached ** piety under Lugonu
   172 | D        | Reached skill level 13 in Stealth
   181 | D        | Reached XP level 7. HP: 21/46 MP: 2/13
   344 | D        | Noticed an oklob plant
   346 | D        | Killed an oklob plant
   346 | D        | Reached *** piety under Lugonu
   346 | D        | Reached skill level 5 in Dodging
   346 | D        | Reached skill level 15 in Stealth
   346 | D        | Reached skill level 5 in Spellcasting
   346 | D        | Reached skill level 1 in Ice Magic
   346 | D        | Reached skill level 5 in Invocations
   359 | D        | Noticed a burning bush
   363 | D        | Killed a burning bush
   363 | D        | Reached XP level 8. HP: 53/53 MP: 15/15
   399 | D        | Reached skill level 1 in Fighting
   399 | D        | Reached skill level 16 in Stealth
   438 | D        | Reached **** piety under Lugonu
   705 | D        | Found Loba's Antique Weapon Shop.
   706 | D        | Found Davelose's Weapon Emporium.
   713 | D        | Noticed a burning bush
   713 | D        | Noticed a wandering mushroom
   714 | D        | Noticed a wandering mushroom
   829 | D        | Noticed a burning bush
   829 | D        | Noticed an oklob plant
   830 | D        | Noticed a wandering mushroom
   831 | D        | Killed a burning bush
   837 | D        | Killed an oklob plant
   837 | D        | Reached ***** piety under Lugonu
   844 | D        | Killed a wandering mushroom
   844 | D        | Reached skill level 17 in Stealth
   844 | D        | Reached XP level 9. HP: 44/59 MP: 15/19
   931 | D        | Noticed a spriggan druid
   932 | D        | Killed a spriggan druid
   932 | D        | Reached skill level 5 in Short Blades
   966 | D        | Noticed an oklob plant conjurer
  1074 | D        | Killed an oklob plant conjurer
  1074 | D        | Reached skill level 18 in Stealth
  1286 | D        | Noticed Agnes
  1288 | D        | Found Gail's Antique Armour Emporium.
  1288 | D        | Noticed a spriggan berserker
  1290 | D        | Found Ziaqoh's General Store.
  1292 | D        | Banished Agnes
  1292 | D        | Reached skill level 1 in Armour
  1292 | D        | Reached skill level 15 in Hexes
  1300 | D        | Slain by a spriggan berserker

Skill      XL: |  1  2  3  4  5  6  7  8  9 |
---------------+----------------------------+-----
Stealth        | 5 7 9 10 12 13 15 17 18 | 18.9
Hexes          | 5 7 9 11 12 13 14 15 | 15.1
Dodging        | 3 4 5 |  5.9
Spellcasting   | 3 4 5 6 7 |  7.8
Short Blades   | 2 3 4 6 |  6.9
Invocations    | 1 3 4 6 7 |  7.5
Evocations     | 2 3 4 |  4.8
Ice Magic      | 1 2 |  2.9
Fighting       | 1 2 |  2.6
Armour         | 1 |  1.2

Action                   |  1- 3 |  4- 6 |  7- 9 || total
-------------------------+-------+-------+-------++-------
Melee: Dagger            |     5 |     7 |    10 ||    22
       Rapier            |       |       |    22 ||    22
       Bite              |       |       |     4 ||     4
 Cast: Ensorcelled Hiber |       |     4 |     3 ||     7
       Confuse           |       |       |     7 ||     7
Invok: Banish            |       |       |     5 ||     5
 Abil: Evoke Invisibilit |     1 |     1 |     3 ||     5
  Use: Potion            |       |       |     2 ||     2
 Stab: Sleeping          |     5 |     6 |    10 ||    21
       Invisible         |       |       |     3 ||     3
       Confused          |       |       |     1 ||     1
Armor: Robe              |       |     1 |       ||     1
Dodge: Dodged            |       |    14 |    15 ||    29
